 Dungeon Crawl Stone Soup version 0.31-a0-845-g9abc20d24f (webtiles) character file.

Game seed: 15103253701121750826

1 BinkBink the Sneak (level 1, -3/11 HPs)
             Began as a Spriggan Delver on Oct 2, 2023.
             Slain by an orc
             ... wielding a +0 hand axe
              (4 damage)
             ... on level 5 of the Dungeon.
             The game lasted 00:01:39 (175 turns).

BinkBink the Sneak (Spriggan Delver)                 Turns: 175, Time: 00:01:40

Health: -3/11      AC:  2    Str:  8    XL:     1   Next: 16%
Magic:  2/2        EV: 17    Int: 11    God:
Gold:   0          SH:  0    Dex: 16    Spells: 0/0 levels left

rFire   . . .        a - +0 short sword
rCold   . . .        (no shield)
rNeg    . . .        b - +0 robe
rPois   .            (helmet restricted)
rElec   .            (no cloak)
rCorr   .            (gloves unavailable)
SInv    +            (boots unavailable)
Will    .....        (no amulet)
Stlth   ++++         (no ring)
HPRegen 0.21/turn    (no ring)
MPRegen 0.08/turn

%: no passive effects
@: very quick
A: very small, no large weapons, unfitting armour, see invisible, speed 3
a: no special abilities


You were on level 5 of the Dungeon.
You visited 1 branch of the dungeon, and saw 1 of its levels.

Inventory:

Hand Weapons
 a - a +0 short sword (weapon)
Armour
 b - a +0 robe (worn)
Wands
 g - a wand of digging (2)
Scrolls
 c - a scroll of fog
 d - a scroll of revelation
 e - a scroll of fear
Potions
 f - a potion of haste


   Skills:
 + Level 2.4 Fighting
 + Level 2.2 Short Blades
 + Level 2.7 Dodging
 + Level 7.2 Stealth


You couldn't memorise any spells.
You didn't know any spells.
Your spell library was empty.

Dungeon Overview and Level Annotations

Branches:
Dungeon (5/15)
 Temple: D:4-7

Altars:


Innate Abilities, Weirdness & Mutations

You are very small and have problems with some larger weapons.
You are too small for most types of armour.
You have supernaturally acute eyesight. (SInv)
You cover ground extremely quickly. (Speed+++)


Message History

A gnoll is wielding a +1 whip of draining.
The gnoll shouts! x2
A gnoll comes into view. It is wielding a +0 club.
The gnoll shouts!
You see here a scroll labelled ICEETO DYNETU. 2 orcs come into view.
An orc comes into view. It is wielding a +0 hand axe.
The orc shouts!
You hear a shout!
The orc shouts!
An orc comes into view. It is wielding a +0 hand axe.
Found a stone staircase leading down.
Okay, then.
Aiming: Dig
Press: ? - help, Shift-Dir - straight line A rock wall.
Okay, then.
Hit: a) +0 short sword
Press: ? - help, Dir - move target
Okay, then.
Aiming: Dig
Press: ? - help, Shift-Dir - straight line A rock wall.
Okay, then.
Aiming: Dig
Press: ? - help, Shift-Dir - straight line A rock wall.
The rock shatters into small pieces.
The hound closely misses you. The hound attacks as it pursues you!
The hound closely misses you.
The orc shouts!
You hear a shout! x2
A jelly comes into view.
An orc comes into view. It is wielding a +0 club.
The orc shouts! x3
The orc barely misses you.
You closely miss the orc. The jelly hits you.
You are splashed with acid!
Ouch! That really hurt!
* * * LOW HITPOINT WARNING * * *
The orc closely misses you. The orc barely misses you.
The orc hits you with a +0 hand axe.
You die...

#. #. .# #.# ##.# #..##
#..# #...######## ##..#
#..........###...#
###...o............#
###....ooJ...........#
.....oo@.h...........#
........#............##
.......###............#
..##....###......###..##
. ###...##......# ##..#
##.........## ##..
######.......$.# ##.
................## ##
..................# #


You could see a hound, a jelly and 5 orcs.

Vanquished Creatures
  A quokka (D:5)
1 creature vanquished.

Notes
Turn   | Place    | Note
-------+----------+-------------------------------------------
     0 | D:5      | BinkBink the Spriggan Delver began the quest for the Orb.
     0 | D:5      | Reached XP level 1. HP: 11/11 MP: 2/2
    13 | D:5      | Noticed a sleepcap
    66 | D:5      | Noticed a hound
   167 | D:5      | Noticed a jelly
   175 | D:5      | Slain by an orc

Illustrated notes

Levels and vault maps discovered:
D:5:      layout_layer_cave

Action                     || total
---------------------------++-------
  Melee: Short sword       ||     2
  Evoke: Wand              ||     1
   Stab: Sleeping          ||     1
 Armour: Robe              ||     2
  Dodge: Dodged            ||     5

Table legend: (Time is in decaauts)
 A = Elapsed time spent in this place.
 B = Non-inter-level travel time spent in this place.
 C = Inter-level travel time spent in this place.
 D = Time resting spent in this place.
 E = Time spent auto-exploring this place.
 F = Levels seen in this place.
 G = Mean time per level.
                   A        B        C        D        E       F      G
               +--------+--------+--------+--------+--------+-----+--------+
         Total |    106 |    106 |      0 |      0 |      4 |   1 |  106.0 |
       Dungeon |    106 |    106 |      0 |      0 |      4 |   1 |  106.0 |
               +--------+--------+--------+--------+--------+-----+--------+

Top non-repeatable levels by time:
     D:5: 106 daAuts
